 Dungeon Crawl Stone Soup version 0.20.0-8-g6b59dc7 (webtiles) character file.

685 tof the Cudgeler (level 7, 0/60 HPs)
             Began as a Minotaur Gladiator on June 2, 2017.
             Slain by an ogre
             ... wielding a +0 giant club
              (20 damage)
             ... on level 5 of the Dungeon.
             The game lasted 00:08:14 (4802 turns).

tof the Cudgeler (Minotaur Gladiator)               Turns: 4802, Time: 00:08:15

Health: 0/60       AC:  3    Str: 21    XL:     7   Next: 35%
Magic:  6/6        EV: 13    Int:  5    God:
Gold:   25         SH:  0    Dex: 11    Spells: 6/6 levels left

rFire    . . .     SeeInvis +   a - +0 flail
rCold    . . .     Gourm    .   (no shield)
rNeg     . . .     Faith    .   b - +0 leather armour
rPois    +         Spirit   .   c - +0 hat
rElec    .         Reflect  .   u - scarf {rPois}
rCorr    .         Harm     .   (no gloves)
MR       .....                  (no boots)
Stlth    +.........             v - amulet of magic regeneration
Regen    0.2/turn               m - ring of see invisible
MPRegen  0.2/turn               (no ring)

@: no status effects
A: retaliatory headbutt, horns 2
a: no special abilities


You were on level 5 of the Dungeon.
You were not hungry.

You visited 1 branch of the dungeon, and saw 5 of its levels.

You collected 142 gold pieces.
You spent 117 gold pieces at shops.

Inventory:

Hand Weapons
 a - a +0 flail (weapon)
Missiles
 d - 3 throwing nets (quivered)
Armour
 b - a +0 leather armour (worn)
 c - a +0 hat (worn)
 u - a scarf of poison resistance (worn)
Jewellery
 m - a ring of see invisible (left hand)
 v - an amulet of magic regeneration (around neck)
Scrolls
 j - a scroll of enchant armour
 k - a scroll of remove curse
 n - a scroll of random uselessness {unknown}
 o - 2 scrolls of fog
 q - a scroll of enchant weapon
 s - 3 scrolls of identify
 t - a scroll of amnesia {unknown}
Potions
 e - 5 potions of curing
 i - a potion of brilliance
 p - a potion of lignification
 r - a potion of magic {unknown}
Comestibles
 f - 6 bread rations
 g - 6 meat rations
 h - 2 fruits
 l - 4 chunks of flesh


   Skills:
 + Level 4.3 Fighting
 * Level 6.8 Maces & Flails
 + Level 3.4 Throwing
 * Level 4.4 Armour
 + Level 4.5 Dodging


You had 6 spell levels left.
You didn't know any spells.

Dungeon Overview and Level Annotations

Branches:
Dungeon (5/15)
 Temple: D:4-7

Altars:
Dithmenos
Fedhas
Sif Muna
Uskayaw
Xom
Yredelemnul

Shops:
D:4 [*


Innate Abilities, Weirdness & Mutations

You reflexively headbutt those who attack you in melee.
You have a pair of horns on your head.


Message History

You closely miss the sky beast.
The sky beast is severely wounded.
The sky beast hits you. The sky beast shocks you.
You hit the sky beast. Your headbutt misses the sky beast.
The sky beast is almost dead.
The sky beast barely misses you.
You hit the sky beast.
You kill the sky beast!
The ogre hits you with a giant club!!
A quokka comes into view.
You are too injured to fight recklessly!
You are too injured to fight recklessly!
You are too injured to fight recklessly!
You are too injured to fight recklessly!
You are too injured to fight recklessly!
You are too injured to fight recklessly!
You sock the ogre!
The ogre is moderately wounded.
The ogre hits you with a giant club!!
You die...

#. ####'#####
#........# #........#
#........#
##........#
..........# ########
#.....†..# #.......
#.....@..###....####
#r....O..............
.....................
#.#.#########....###
#.. #....# #. #....#
# #.#### #.# #.#


You could see an ogre and a quokka.

Vanquished Creatures
  A sky beast (D:5)
  An ice beast (D:5)
  A centaur (D:5)
  A scorpion (D:4)
  A hound (D:4)
  2 orc wizards (D:4)
  Jessica (D:3)
  Natasha (thrice) (D:2)
  Robin (D:2)
  4 gnolls (D:3)
  4 adders
  8 worms
  3 dart slugs
  2 leopard geckos
  5 orcs (D:4)
  5 ball pythons
  4 bats
  2 giant cockroaches (D:2)
  11 goblins
  10 hobgoblins
  3 jackals (D:3)
  4 quokkas
  4 frilled lizards
  3 kobolds (D:2)
  6 rats
90 creatures vanquished.

Notes
Turn   | Place    | Note
-------+----------+-------------------------------------------
     0 | D:1      | tof the Minotaur Gladiator began the quest for the Orb.
     0 | D:1      | Reached XP level 1. HP: 18/18 MP: 0/0
   286 | D:1      | Reached XP level 2. HP: 24/25 MP: 1/1
   412 | D:1      | Reached skill level 4 in Maces & Flails
   458 | D:1      | Reached skill level 1 in Armour
   916 | D:2      | Found a faded altar of an unknown god.
  1023 | D:2      | Noticed Natasha
  1030 | D:2      | Killed Natasha
  1030 | D:2      | Reached XP level 3. HP: 13/30 MP: 2/2
  1199 | D:2      | Found a shadowy altar of Dithmenos.
  1277 | D:2      | Noticed Robin
  1297 | D:2      | Reached XP level 4. HP: 15/38 MP: 3/3
  1303 | D:2      | Killed Robin
  1460 | D:2      | Noticed Natasha
  1473 | D:2      | Killed Natasha
  1938 | D:2      | Reached skill level 5 in Maces & Flails
  1976 | D:2      | Found a shimmering altar of Xom.
  2020 | D:2      | Reached XP level 5. HP: 45/45 MP: 4/4
  2147 | D:2      | Noticed Natasha
  2154 | D:2      | Killed Natasha
  3157 | D:3      | Found a deep blue altar of Sif Muna.
  3174 | D:3      | Noticed Jessica
  3178 | D:3      | Killed Jessica
  3230 | D:3      | Reached XP level 6. HP: 51/51 MP: 5/5
  3285 | D:3      | Found a hide-covered altar of Uskayaw.
  3285 | D:3      | Found a basalt altar of Yredelemnul.
  3288 | D:3      | Found a blossoming altar of Fedhas.
  3561 | D:4      | Found Nemowafe's Serpentskin Sales.
  3577 | D:4      | Bought a scarf of poison resistance for 117 gold pieces
  3599 | D:4      | Found Zufurgh's Armour Boutique.
  3870 | D:4      | Reached skill level 6 in Maces & Flails
  4614 | D:5      | Entered Level 5 of the Dungeon
  4635 | D:5      | Noticed an ice beast
  4642 | D:5      | Killed an ice beast
  4642 | D:5      | Reached XP level 7. HP: 34/59 MP: 6/6
  4802 | D:5      | Slain by an ogre

Skill      XL: |  1  2  3  4  5  6 |
---------------+-------------------+-----
Maces & Flails | 4 5 6 |  6.8
Armour         | 1 2 4 |  4.4
Fighting       | 3 4 |  4.3
Throwing       | 3 |  3.4
Dodging        | 4 |  4.5

Action                   |  1- 3 |  4- 6 |  7- 9 || total
-------------------------+-------+-------+-------++-------
Melee: Flail             |    46 |   157 |     8 ||   211
       Headbutt          |     9 |    30 |       ||    39
  Use: Scroll            |       |     9 |       ||     9
 Stab: Sleeping          |     1 |       |       ||     1
  Eat: Chunk             |     1 |    11 |       ||    12
Armor: Leather armour    |     7 |    19 |       ||    26
Dodge: Dodged            |    40 |   102 |     5 ||   147
